Map: Daybreak LE (Void)

Players

Namshar

  • Race: Zerg Zerg
  • League: Master
  • Spawn Location: 1:00

MasTeR - Winner!

  • Race: Protoss Protoss
  • Spawn Location: 7:00

Event: NationWars IV

VOD

Have the link to the VOD?

Description

Time

  • Played on: Jan. 6, 2017, 10:53 a.m.
  • Length: 11:42
Show
View Real Time Build Order
Export as new Build Order

Namshar Zerg 

Build Orders: Hatch First 

Get SALT Encoding   

  12  0:00  Drone  
  13  0:13  Overlord  
  13  0:18  Drone  
  14  0:31  Drone x2  
  14  0:34  Drone  
  17  0:54  Hatchery  
  17  0:56  Drone  
  17  0:59  Drone  
  18  1:11  Extractor  
  17  1:15  Spawning Pool  
  17  1:18  Drone  
  17  1:21  Drone  
  18  1:29  Drone  
  19  1:39  Overlord  
  19  1:50  Drone  
  20  2:01  Queen  
  20  2:02  Zergling x2  
  20  2:06  Queen  
  20  2:08  Zergling x2  
  26  2:10  Metabolic Boost  
  26  2:11  Drone  
  27  2:18  Drone  
  27  2:22  Drone  
  29  2:29  Drone  
  30  2:37  Hatchery  
  30  2:40  Drone  
  30  2:46  Queen  
  30  2:51  Overlord  
  32  2:53  Drone  
  32  2:55  Drone  
  32  2:58  Drone  
  35  3:01  Drone  
  36  3:11  Overlord  
  37  3:12  Drone  
  37  3:13  Drone x2  
  37  3:14  Drone  
  37  3:16  Drone  
  37  3:17  Drone  
  37  3:19  Drone  
  43  3:21  Drone  
  44  3:30  Drone  
  45  3:34  Queen  
  45  3:37  Roach Warren, Drone  
  47  3:42  Drone x3  
  47  3:45  Drone  
  47  3:47  Drone  
  52  3:52  Drone x2  
  52  3:53  Drone x2  
  56  4:02  Overlord, Evolution Chamber  
  56  4:05  Extractor  
  56  4:08  Drone x2  
  56  4:13  Overlord x2  
  56  4:26  Spore Crawler  
  56  4:27  Spore Crawler  
  56  4:28  Spore Crawler  
  53  4:32  Drone x3  
  53  4:33  Overlord  
  53  4:34  Overlord  
  56  4:42  Roach  
  56  4:43  Roach x8  
  74  4:50  Overlord x2  
  74  4:58  Roach x3  
  80  5:04  Drone  
  80  5:05  Drone x3  
  84  5:07  Drone  
  84  5:08  Extractor, Drone  
  84  5:11  Drone x3  
  88  5:19  Zerg Melee Weapons Level 1  
  88  5:24  Roach  
  88  5:25  Roach  
  88  5:26  Overlord  
  88  5:27  Overlord x2  
  92  5:30  Drone x5  
  97  5:37  Drone x3  
  97  5:40  Extractor, Drone x2  
  97  5:42  Lair  
  101  5:48  Overlord  
  101  5:49  Overlord  
  101  5:52  Overlord  
  101  6:03  Overlord x2  
  101  6:10  Zergling x6  
  104  6:15  Hatchery  
  104  6:16  Zergling x10  
  104  6:18  Hatchery  
  105  6:29  Baneling Nest  
  105  6:30  Zergling x4  
  105  6:31  Zergling x10  
  111  6:38  Zergling x14  
  118  6:41  Glial Reconstitution  
  118  6:47  Overlord, Overseer  
  117  6:48  Zergling x2  
  117  6:49  Zergling x2  
  117  6:53  Ravager x3  
  117  6:54  Ravager  
  122  7:03  Zergling x12  
  125  7:11  Overseer  
  125  7:13  Centrifical Hooks  
  125  7:14  Overlord x2  
  125  7:16  Zergling x10  
  130  7:23  Zergling x4  
  130  7:25  Ravager x4  
  130  7:26  Overlord  
  136  7:33  Baneling x6  
  136  7:35  Zergling x18  
  145  7:40  Zergling x2  
  145  7:41  Zergling x10  
  151  7:44  Baneling  
  151  7:45  Baneling x3  
  118  8:01  Zergling x20  
  118  8:05  Zergling x12  
  120  8:07  Zergling x6  
  120  8:11  Roach  
  120  8:12  Roach x4  
  130  8:14  Roach  
  130  8:16  Zerg Melee Weapons Level 2  
  130  8:19  Roach  
  132  8:30  Zergling x16  
  140  8:37  Drone x2  
  140  8:39  Extractor x2, Drone x3  
  140  8:41  Drone x3  
  145  8:44  Drone  
  145  8:45  Spire  
  145  8:46  Ravager, Baneling  
  145  8:47  Baneling x3  
  147  8:49  Queen  
  147  8:54  Ravager  
  150  8:57  Overlord x2  
  150  9:01  Zergling x20  
  150  9:02  Zergling x4  
  162  9:11  Pneumatized Carapace  
  162  9:20  Extractor, Drone x2  
  162  9:21  Extractor, Drone x4  
  162  9:22  Drone x4  
  162  9:24  Ravager x3  
  173  9:26  Overseer  
  173  9:27  Zergling x2  
  173  9:28  Zergling x8  
  173  9:30  Queen  
  180  9:32  Spore Crawler  
  180  9:33  Drone  
  180  9:37  Baneling x4  
  180  9:39  Baneling x4  
  180  9:51  Drone x2  
  182  9:54  Ravager x2  
  182  9:55  Ravager x2  
  182  9:58  Baneling x2  
  182  9:59  Baneling x2  
  186  10:04  Hatchery  
  185  10:18  Mutalisk x3  
  185  10:21  Mutalisk  
  189  10:23  Zergling x16  
  184  10:36  Zergling x26  
  184  10:37  Zergling x8  
  178  10:47  Zergling x18  
  159  10:56  Baneling x3  
  159  10:57  Baneling x5  
  142  10:58  Baneling  
  142  10:59  Baneling x3  
  126  11:06  Zergling x2  
  126  11:07  Zergling x12  
  123  11:16  Roach  
  123  11:17  Roach x3  
  117  11:21  Zergling x4, Roach  
Show
View Real Time Build Order
Export as new Build Order

MasTeR Protoss - Winner!

Build Orders: 1 Gate Expand, Zealot Archon 

Get SALT Encoding   

  12  0:01  Probe (Chrono Boost)  
  13  0:11  Probe (Chrono Boost)  
  14  0:18  Pylon  
  14  0:22  Probe (Chrono Boost)  
  15  0:36  Probe (Chrono Boost)  
  15  0:39  Gateway  
  16  0:47  Probe (Chrono Boost)  
  16  0:48  Assimilator  
  17  0:58  Probe (Chrono Boost)  
  18  1:08  Probe (Chrono Boost)  
  19  1:22  Nexus  
  19  1:25  Probe (Chrono Boost)  
  20  1:35  Cybernetics Core  
  20  1:38  Probe (Chrono Boost)  
  21  1:44  Assimilator  
  21  1:49  Probe (Chrono Boost)  
  22  1:56  Pylon  
  22  2:00  Probe (Chrono Boost)  
  23  2:12  Adept  
  27  2:17  Mothership Core (Chrono Boost)  
  27  2:21  Warp Gate  
  27  2:35  Probe x2 (Chrono Boost)  
  29  2:41  Twilight Council  
  29  2:45  Probe x2 (Chrono Boost)  
  29  2:48  Adept  
  33  2:56  Probe x2 (Chrono Boost)  
  35  3:06  Probe (Chrono Boost)  
  35  3:07  Probe (Chrono Boost)  
  37  3:13  Robotics Facility  
  37  3:17  Probe x2 (Chrono Boost)  
  37  3:19  Pylon  
  39  3:27  Probe (Chrono Boost)  
  39  3:28  Probe (Chrono Boost), Pylon  
  41  3:38  Probe x2 (Chrono Boost)  
  43  3:44  Gateway  
  43  3:48  Gateway  
  43  3:49  Probe x2 (Chrono Boost)  
  43  3:55  Gateway  
  45  3:59  Probe (Chrono Boost)  
  45  4:01  Probe (Chrono Boost)  
  47  4:04  Templar Archives  
  47  4:06  Assimilator  
  47  4:08  Assimilator  
  48  4:10  Probe (Chrono Boost)  
  48  4:12  Warp Prism, Probe (Chrono Boost)  
  49  4:20  Probe (Chrono Boost)  
  53  4:24  Probe (Chrono Boost)  
  53  4:25  Pylon  
  53  4:31  Probe (Chrono Boost)  
  54  4:33  Pylon  
  54  4:36  Probe (Chrono Boost)  
  54  4:37  Forge  
  55  4:54  Nexus  
  55  4:56  Pylon  
  55  5:03  High Templar x4  
  63  5:07  Archon  
  63  5:08  Immortal, Archon  
  63  5:12  Gateway  
  67  5:14  Protoss Ground Weapons Level 1  
  67  5:20  Gateway  
  67  5:25  Gateway  
  67  5:37  Stalker x2  
  67  5:38  Stalker  
  67  5:39  Zealot  
  77  5:44  Probe x2 (Chrono Boost)  
  77  5:47  Immortal  
  77  5:51  Charge  
  82  5:58  Probe (Chrono Boost)  
  82  6:03  Photon Cannon  
  82  6:09  Probe (Chrono Boost)  
  82  6:10  Probe (Chrono Boost)  
  82  6:11  Probe (Chrono Boost)  
  84  6:19  Gateway  
  84  6:21  Probe (Chrono Boost)  
  84  6:22  Probe (Chrono Boost)  
  84  6:23  Probe (Chrono Boost)  
  87  6:32  Zealot x2, Pylon, High Templar x2  
  94  6:35  Immortal  
  94  6:36  Archon, Zealot  
  97  6:44  Pylon  
  101  6:48  Pylon  
  101  6:51  Probe x2 (Chrono Boost)  
  101  6:52  Probe (Chrono Boost)  
  104  6:55  Pylon  
  104  7:04  Probe (Chrono Boost)  
  104  7:07  High Templar x2  
  104  7:08  Zealot x5  
  113  7:11  Probe (Chrono Boost)  
  113  7:12  Probe (Chrono Boost)  
  113  7:14  Archon  
  121  7:20  Probe (Chrono Boost), Pylon, Assimilator  
  121  7:22  Pylon, Sentry  
  124  7:29  Pylon  
  124  7:30  Zealot x2  
  124  7:31  Pylon  
  124  7:34  Zealot  
  124  7:35  Zealot  
  132  7:40  Pylon  
  128  7:55  Zealot x6  
  128  7:56  Zealot x2  
  100  8:15  Immortal  
  98  8:21  Zealot x7  
  98  8:22  Zealot  
  106  8:32  Probe (Chrono Boost)  
  106  8:33  Probe x2 (Chrono Boost)  
  107  8:34  High Templar x2  
  107  8:38  Archon  
  111  8:42  High Templar  
  111  8:43  Sentry, High Templar  
  111  8:44  Zealot x3  
  111  8:45  Probe (Chrono Boost)  
  111  8:48  Archon, Probe (Chrono Boost)  
  126  8:49  Immortal  
  126  8:50  Probe (Chrono Boost)  
  126  8:52  Assimilator  
  130  8:58  Probe (Chrono Boost)  
  130  8:59  Probe (Chrono Boost)  
  132  9:06  Zealot x2, High Templar x2  
  132  9:07  Zealot x2  
  132  9:09  Pylon  
  144  9:11  Archon  
  144  9:16  Nexus  
  144  9:23  Immortal  
  144  9:24  Sentry x2  
  152  9:33  Zealot x3  
  158  9:43  High Templar  
  158  9:44  Photon Cannon, Zealot, High Templar  
  158  9:45  Photon Cannon  
  164  9:48  Archon  
  164  9:49  Zealot x2  
  168  10:00  Pylon  
  168  10:02  Zealot, Pylon, High Templar x2  
  174  10:07  Archon, Zealot, Pylon  
  174  10:13  Zealot x2  
  178  10:22  Zealot x3  
  158  10:44  Zealot x2  
  158  10:45  Zealot x6  
  166  10:56  Immortal  
  162  11:07  Zealot x3  
  162  11:08  Zealot x4  
  140  11:28  Zealot x5  
  144  11:33  Zealot  
  144  11:34  Zealot x2  
Tags
 
Add a new tag
Caveats
  • Supply blocks, unpowered buildings, or Contaminate may cause inaccurate times.
  • Supply counts are checked every 10 seconds.